Map: Blueshift LE

Players

Stropheum - Winner!

  • Race: Zerg Zerg
  • League: Master
  • Spawn Location: 7:00

UpATree

  • Race: Terran Terran
  • League: Master
  • Spawn Location: 1:00

VOD

Have the link to the VOD?

Description

Time

  • Played on: Oct. 19, 2018, 12:03 a.m.
  • Length: 23:58
Show
View Real Time Build Order
Export as new Build Order

Stropheum Zerg - Winner!

Build Orders: Hatch First 

Get SALT Encoding   

  12  0:01  Drone  
  13  0:12  Overlord  
  13  0:16  Drone  
  14  0:31  Drone x2  
  14  0:35  Drone  
  17  0:52  Hatchery  
  17  0:55  Drone  
  17  0:58  Drone  
  18  1:09  Extractor  
  17  1:13  Spawning Pool  
  17  1:16  Drone  
  17  1:19  Drone  
  18  1:28  Drone  
  19  1:41  Overlord  
  19  2:00  Zergling x2  
  19  2:01  Zergling x2  
  21  2:04  Queen x2  
  21  2:05  Zergling x2  
  26  2:12  Metabolic Boost  
  26  2:15  Drone  
  27  2:16  Drone  
  27  2:22  Drone  
  29  2:26  Drone  
  30  2:39  Queen  
  32  2:48  Hatchery  
  31  2:53  Overlord  
  31  2:55  Drone x2  
  31  2:56  Drone  
  31  2:58  Drone  
  35  2:59  Drone  
  36  3:10  Overlord  
  36  3:12  Drone  
  37  3:19  Drone x5  
  42  3:21  Drone  
  43  3:29  Overlord  
  43  3:35  Drone  
  43  3:36  Drone x2  
  43  3:41  Evolution Chamber  
  45  3:52  Baneling Nest, Zergling x14  
  45  3:53  Zergling x2  
  52  4:01  Overlord  
  52  4:08  Extractor  
  51  4:11  Drone x3, Queen  
  51  4:12  Queen  
  58  4:22  Zerg Ground Armor Level 1  
  58  4:26  Overlord, Drone  
  58  4:27  Drone x2  
  58  4:30  Overlord  
  61  4:45  Drone x8  
  69  4:54  Lair  
  69  4:57  Zergling x12  
  69  4:58  Zergling x2  
  71  5:02  Baneling x2  
  71  5:05  Queen  
  73  5:25  Overlord x2  
  73  5:26  Overlord  
  73  5:27  Drone x5  
  78  5:36  Overlord x2  
  78  5:52  Overlord x2  
  78  5:53  Overlord x3  
  78  5:56  Centrifical Hooks  
  78  5:59  Extractor  
  78  6:01  Drone x3  
  78  6:02  Drone x3  
  78  6:03  Hydralisk Den  
  82  6:04  Extractor  
  82  6:07  Baneling x4  
  82  6:08  Zergling x4  
  82  6:09  Zergling x16  
  91  6:37  Extractor  
  90  6:40  Drone x13  
  90  6:45  Grooved Spines  
  103  6:55  Hatchery, Extractor, Drone x2  
  103  6:56  Drone x2  
  103  7:00  Hatchery  
  104  7:12  Overlord x2  
  104  7:13  Overlord x3  
  104  7:18  Overlord x4  
  104  7:20  Infestation Pit  
  104  7:22  Spore Crawler, Drone x9  
  111  7:34  Zerg Melee Weapons Level 1  
  111  7:38  Evolution Chamber  
  111  7:41  Hydralisk x3  
  115  7:50  Hydralisk  
  115  7:51  Hydralisk x6  
  117  7:56  Baneling x4, Muscular Augments  
  117  7:57  Baneling x4, Hydralisk  
  131  7:58  Hydralisk  
  133  8:10  Hive  
  127  8:21  Hydralisk  
  127  8:22  Hydralisk x4  
  127  8:23  Zergling x16  
  130  8:37  Drone x3  
  130  8:38  Drone x7  
  130  8:40  Extractor  
  130  8:41  Spine Crawler  
  138  8:44  Extractor, Spine Crawler  
  138  8:45  Drone x5  
  141  8:59  Hydralisk x8  
  156  9:07  Spine Crawler  
  156  9:08  Spine Crawler  
  156  9:09  Spore Crawler  
  151  9:25  Hydralisk x5  
  151  9:26  Zergling x2, Hydralisk x6  
  151  9:27  Zergling x2  
  175  9:38  Ultralisk Cavern  
  174  9:55  Zerg Ground Armor Level 2  
  174  9:56  Zerg Melee Weapons Level 2  
  174  9:58  Zergling x36  
  192  10:16  Queen  
  192  10:25  Viper  
  192  10:26  Viper  
  186  10:52  Chitinous Plating  
  185  11:05  Zergling x26  
  185  11:06  Zergling x2  
  185  11:08  Baneling  
  185  11:09  Baneling x27  
  185  11:10  Baneling  
  165  11:43  Zergling x2, Ultralisk x5  
  165  11:44  Zergling x20  
  183  12:13  Ultralisk x2  
  195  12:16  Zerg Ground Armor Level 3  
  188  12:32  Extractor  
  188  12:34  Hatchery  
  192  12:37  Ultralisk x2  
  192  12:38  Extractor  
  192  12:39  Drone x3  
  180  12:50  Ultralisk x2  
  163  12:52  Hatchery, Zergling x28  
  163  12:53  Zergling x16  
  184  13:06  Queen x5  
  194  13:18  Unknown  
  194  13:24  Unknown  
  194  13:27  Viper x2  
  198  14:02  Ultralisk  
  199  14:06  Zerg Melee Weapons Level 3  
  182  14:24  Ultralisk x5  
  191  14:39  Extractor  
  184  14:46  Hatchery  
  184  14:47  Hydralisk x8  
  192  14:58  Zergling x4  
  192  14:59  Zergling x20  
  200  15:04  Unknown  
  182  15:20  Pathogen Glands  
  174  15:42  Baneling x13  
  174  15:43  Baneling x15  
  174  15:54  Drone x14  
  174  15:55  Drone x2  
  135  16:21  Extractor  
  135  16:24  Infestor x7  
  135  16:25  Extractor, Infestor  
  143  16:30  Zergling x2  
  143  16:31  Zergling x24  
  138  16:40  Zergling x2  
  138  16:41  Zergling x4, Queen x5  
  147  16:48  Ultralisk  
  147  16:49  Zergling x8, Ultralisk  
  147  16:51  Baneling x4  
  158  16:55  Baneling x5  
  151  17:33  Hatchery  
  151  17:35  Hatchery, Spine Crawler, Extractor  
  151  17:36  Extractor  
  138  17:37  Ultralisk  
  138  17:38  Spine Crawler, Ultralisk x2  
  155  17:50  Drone x5  
  155  17:51  Drone  
  161  17:56  Ultralisk  
  156  18:15  Zergling x12  
  156  18:16  Zergling x12  
  170  18:21  Hatchery  
  162  18:33  Ultralisk  
  157  18:37  Hatchery  
  152  19:14  Hatchery  
  151  19:38  Hatchery  
  151  19:39  Extractor  
  151  19:40  Extractor  
  151  19:42  Unknown  
  142  19:56  Zergling x4  
  142  19:57  Zergling x30  
  139  20:13  Ultralisk x6  
  152  20:33  Zergling x20  
  152  20:34  Zergling x8  
  162  20:42  Hydralisk x3  
  165  20:53  Extractor, Drone x5  
  165  20:54  Extractor  
  167  21:17  Spore Crawler  
  167  21:18  Spore Crawler  
  158  21:19  Spore Crawler  
  152  21:27  Drone  
  152  21:28  Drone x7  
  158  21:33  Spine Crawler  
  158  21:34  Spine Crawler  
  158  21:36  Burrow  
  151  21:47  Unknown  
  146  21:51  Unknown  
  143  21:58  Baneling x3  
  143  21:59  Baneling x8  
  143  22:28  Spire  
  143  22:29  Spire  
  138  23:02  Infestor  
  138  23:03  Infestor x3  
  127  23:36  Hatchery  
  127  23:37  Extractor  
  127  23:38  Extractor  
  112  23:46  Hatchery  
Show
View Real Time Build Order
Export as new Build Order

UpATree Terran 

Build Orders: Reaper Expand, Bio Tank, Mech 

Get SALT Encoding   

  12  0:00  SCV  
  13  0:13  SCV  
  14  0:17  Supply Depot  
  14  0:25  SCV  
  15  0:39  SCV  
  15  0:41  Barracks  
  16  0:46  Refinery  
  16  0:51  SCV  
  17  1:04  SCV  
  18  1:16  SCV  
  19  1:29  Reaper  
  19  1:30  Orbital Command  
  20  1:40  Command Center  
  20  1:58  Supply Depot  
  20  2:01  SCV  
  21  2:04  Marine  
  22  2:12  Factory  
  22  2:13  Refinery, SCV  
  23  2:25  SCV  
  24  2:32  Barracks Reactor  
  24  2:37  SCV  
  25  2:49  SCV  
  26  2:53  Orbital Command  
  26  3:01  Starport, SCV  
  27  3:13  SCV  
  27  3:14  Hellion  
  27  3:15  Hellion  
  27  3:19  Barracks Tech Lab  
  32  3:25  SCV  
  32  3:26  SCV  
  34  3:38  SCV x2  
  34  3:39  Hellion x2  
  41  3:45  Viking  
  42  3:48  Supply Depot  
  42  3:50  SCV  
  42  3:54  SCV  
  44  3:59  Marine  
  44  4:01  Command Center  
  45  4:05  Liberator  
  45  4:10  Hellion x2  
  45  4:11  Stimpack  
  45  4:12  SCV  
  45  4:13  Supply Depot  
  50  4:23  SCV  
  54  4:32  Supply Depot  
  54  4:35  SCV x2  
  56  4:47  SCV x2  
  56  4:49  Marine  
  56  4:51  Factory Tech Lab  
  59  4:53  Refinery x2  
  59  4:59  SCV x2  
  61  5:11  SCV x2  
  61  5:12  Barracks  
  61  5:13  Engineering Bay, Barracks  
  63  5:14  Engineering Bay  
  63  5:15  Orbital Command  
  63  5:19  Marine  
  64  5:21  Starport Reactor  
  64  5:22  Siege Tank  
  64  5:23  SCV x2  
  69  5:35  SCV x2  
  71  5:44  Marine  
  71  5:47  Terran Infantry Weapons Level 1, SCV, Terran Infantry Armor Level 1  
  71  5:48  Orbital Command, SCV  
  74  5:59  Supply Depot, SCV  
  74  6:00  Bunker, SCV  
  76  6:11  SCV  
  76  6:16  Combat Shield  
  76  6:17  Barracks Reactor x2  
  76  6:18  Siege Tank, Marine  
  80  6:21  Medivac x2  
  80  6:24  Barracks  
  85  6:26  Barracks  
  82  6:33  SCV  
  82  6:36  Marine  
  82  6:37  SCV x2  
  86  6:46  SCV  
  87  6:49  SCV  
  87  6:52  Armory, Supply Depot x2  
  88  6:54  Marine  
  88  6:55  SCV, Marine x3  
  88  6:57  Factory  
  93  7:13  Siege Tank, SCV x2, Marine x3  
  93  7:14  SCV, Marine x4  
  106  7:16  Barracks Reactor  
  106  7:21  Medivac  
  108  7:25  Refinery x2, SCV  
  108  7:29  Supply Depot  
  109  7:30  Supply Depot x2  
  109  7:49  Terran Infantry Weapons Level 2, Factory  
  109  7:50  Medivac, Command Center, SCV x2, Marine x4, Terran Vehicle Weapons Level 1  
  117  7:51  Marine  
  118  8:01  Marine x3  
  118  8:02  Siege Tank  
  118  8:03  Factory Tech Lab  
  124  8:08  SCV x2  
  126  8:13  Marine x3  
  129  8:27  Marine x4  
  114  8:28  Siege Tank, Medivac x2  
  114  8:29  SCV  
  114  8:30  Marine x2  
  114  8:31  Marine  
  129  8:34  Barracks  
  129  8:35  Marine  
  129  8:36  Barracks x2  
  129  8:37  Marine  
  129  8:38  SCV x2  
  133  8:55  Terran Infantry Armor Level 2  
  133  8:57  Marine  
  133  9:01  Siege Tank, Marine x8  
  144  9:15  Siege Tank, Marine  
  148  9:25  Barracks Tech Lab x2  
  148  9:30  Marine  
  148  9:38  Supply Depot  
  148  9:39  Supply Depot  
  148  9:40  Siege Tank, Marine x5  
  156  9:45  Marine x4  
  156  9:46  Medivac x2  
  156  9:48  Marine x3  
  156  9:50  SCV x2  
  156  9:51  Planetary Fortress  
  149  9:58  Marine x3  
  152  10:03  Supply Depot, Marine  
  152  10:04  Marauder, Marine x3  
  152  10:05  Barracks Tech Lab  
  152  10:06  Marauder  
  160  10:17  Marine x2  
  160  10:18  Marauder, Siege Tank x2, Marine x2  
  170  10:22  SCV  
  170  10:23  SCV  
  170  10:24  Marine x3  
  170  10:25  Marauder  
  170  10:26  Marauder  
  180  10:28  Marauder  
  180  10:51  Command Center  
  180  10:54  Supply Depot  
  180  10:55  Supply Depot  
  180  10:56  Supply Depot  
  166  11:11  Marine x5  
  166  11:12  Marauder x2  
  166  11:16  Marauder, Siege Tank x2, Marine x3  
  166  11:17  Marauder  
  178  11:29  Marine x5  
  175  11:33  Marauder x2  
  175  11:37  Marauder  
  175  11:38  Marauder  
  163  11:42  Marine x2  
  163  11:46  Marine  
  152  11:47  Marine x2  
  152  11:52  Marine x2  
  151  11:54  Marauder x2  
  151  11:59  Marauder, Marine  
  151  12:00  Siege Tank x2, Marine x2  
  166  12:04  Concussive Shells  
  161  12:10  Command Center  
  161  12:14  Command Center  
  159  12:18  Marine  
  159  12:19  Marauder x2  
  164  12:23  Marine  
  164  12:24  Marauder x2, Marine  
  165  12:40  Marauder  
  163  12:47  Marine x2  
  163  12:48  Marauder  
  150  12:52  Marauder, Marine x2  
  150  12:53  Medivac x2  
  150  12:54  Siege Tank x2  
  162  13:06  Marine x3  
  162  13:07  Marauder x2  
  169  13:17  Marine x3  
  169  13:18  Marauder x2  
  176  13:24  Marine x2  
  170  13:28  Marauder x2  
  174  13:39  Marauder  
  176  13:44  Marauder, Marine x2  
  180  13:50  Marauder  
  182  13:55  Marine  
  182  13:56  Marauder  
  182  14:00  Planetary Fortress  
  181  14:06  Marine x2  
  181  14:07  Marauder x2  
  161  14:18  Marine x2  
  161  14:19  Marauder x2  
  133  14:37  SCV x3  
  132  14:44  Marine  
  132  14:45  Marauder x2, Marine  
  132  14:54  Marauder x2, Marine x3  
  132  14:55  Siege Tank x2  
  145  15:06  Marauder  
  142  15:09  Marine x2  
  142  15:10  Marauder  
  138  15:16  Marauder, Marine x2  
  138  15:17  Marauder, Marine x2  
  138  15:18  Medivac  
  146  15:28  Marauder  
  148  15:31  Marauder  
  133  15:36  Planetary Fortress  
  133  15:37  Marauder  
  133  15:38  Marine  
  133  15:39  Marauder, Medivac  
  133  15:41  Siege Tank  
  140  15:43  Marine x2  
  142  15:50  Refinery  
  142  15:51  Refinery, Marine  
  89  16:20  Marauder x3, Marine x3  
  84  16:29  Marauder, Marine x2  
  84  16:32  Marine x3  
  83  16:33  Siege Tank  
  83  16:39  Marine x2  
  86  16:40  Marine  
  86  16:42  Marauder x2, Siege Tank  
  86  16:47  Marine x2  
  95  16:53  SCV x2  
  85  16:54  SCV x2  
  85  16:57  Marine x2  
  88  17:05  Siege Tank, SCV  
  76  17:19  Marauder x2, Marine x2  
  76  17:20  Marauder  
  81  17:22  SCV  
  81  17:26  Marine x2  
  81  17:27  SCV  
  81  17:29  SCV  
  77  17:38  Marine x2  
  77  17:39  Marauder  
  77  17:41  Medivac  
  83  17:44  Marine  
  83  17:45  Marine  
  85  17:53  Marine  
  85  17:54  Marauder x2  
  85  17:58  SCV x2  
  87  18:10  Marauder, Marine x3  
  76  18:18  SCV  
  71  18:35  SCV x3  
  74  18:41  Marine  
  74  18:42  Marauder  
  73  18:51  Marauder x2, Marine x3  
  73  18:52  Marauder  
  73  18:54  SCV  
  73  18:55  SCV  
  77  18:56  Marine  
  77  18:57  Marine  
  77  18:58  Liberator  
  78  19:08  Marine x2  
  78  19:09  Marauder  
  82  19:11  Marine x2  
  82  19:13  Marauder, Siege Tank  
  92  19:26  Terran Infantry Weapons Level 3  
  92  19:27  Marauder, Marine  
  92  19:28  Marine  
  96  19:34  Marine x3  
  75  20:18  Marauder x2, Marine x5  
  75  20:19  Marauder x2  
  75  20:21  Marine x2  
  75  20:22  Marine  
  76  20:29  Siege Tank x2  
  75  20:35  Marine  
  75  20:36  Marine x3  
  75  20:39  Marine x2  
  75  20:40  Marauder, Medivac  
  79  20:46  Medivac  
  81  20:52  Marine x2  
  81  20:54  Orbital Command  
  81  20:59  Marine x3  
  81  21:01  Siege Tank  
  81  21:03  Marine  
  90  21:04  Marauder  
  90  21:10  Siege Tank  
  93  21:13  Medivac  
  95  21:30  Marine x3  
  95  21:31  Marauder  
  88  21:43  SCV  
  88  21:44  SCV x3  
  92  21:47  Marine x2  
  92  21:48  Marauder x3, Marine  
  92  21:54  Marine x2  
  101  21:56  SCV  
  101  21:57  Marine  
  101  22:00  Marauder, Marine  
  105  22:17  Marauder, Marine x2  
  105  22:18  Marauder  
  105  22:21  Marauder, Marine x2  
  115  22:23  SCV  
  115  22:25  SCV  
  117  22:34  Marine  
  117  22:35  Marauder  
  120  22:39  Marauder  
  119  22:47  Marine  
  119  22:48  Marauder x2, Marine  
  119  22:54  SCV x2, Marine x2  
  123  23:01  Marine x2  
  123  23:02  Marauder  
  114  23:17  Marine x2  
  114  23:18  Marauder  
  97  23:40  Marine x2  
Tags
 
Add a new tag
Caveats
  • Supply blocks, unpowered buildings, or Contaminate may cause inaccurate times.
  • Supply counts are checked every 10 seconds.